 Dungeon Sprint DCSS version 0.17.2-1-ge4368a0 (webtiles) character file.

1584 mopl the Severer (level 8, -11/109 HPs)
             Began as a Deep Dwarf Gladiator on Aug 23, 2016.
             Was an Elder of Makhleb.
             Mangled by a cyan ugly thing (12 damage)
             ... in the Dungeon (Sprint V: "Ziggurat Sprint").
             The game lasted 00:03:37 (169 turns).

mopl the Severer (Deep Dwarf Gladiator)              Turns: 169, Time: 00:03:37

Health: -11/109    AC: 22    Str: 31    XL:     8   Next: 61%
Magic:  8/8        EV:  7    Int:  9    God:    Makhleb [****..]
Gold:   0          SH:  0    Dex: 14    Spells: 1 memorised, 5 levels left

rFire  + + .     SeeInvis +     O - +14 obsidian axe {chop, +Fly Str+3 SInv *Curse} (curse)
rCold  + . .     Clarity  .     m - +5 gold dragon armour
rNeg   + . .     SustAt   .     (no shield)
rPois  +         Gourm    .     c - +0 helmet
rElec  .         Spirit   .     (no cloak)
rCorr  .         Warding  .     S - +0 pair of gloves {Str+3}
rMut   .         NoTele   +     (no boots)
MR     +....                    (no amulet)
Stlth  ..........               Q - ring of protection from fire
                                P - ring "Sijif" {rPois rN+ SInv}

@: berserking, mesmerised, non-regenerating, very quick, somewhat resistant to
hostile enchantments, extremely unstealthy
A: damage resistance, recharge devices, sense surroundings 1, slow regeneration
3
a: Device Recharging, Minor Destruction, Lesser Servant of Makhleb, Major
Destruction, Renounce Religion, Evoke Flight


You were in the Dungeon.
You worshipped Makhleb.
Makhleb was greatly pleased with you.
You were not hungry.

You visited 1 branch

Inventory:

Hand Weapons
 a - a +5 executioner's axe
 b - a +5 battleaxe
 n - a +0 war axe
 B - a +5 broad axe
 O - the cursed +14 obsidian axe (weapon) {chop, +Fly Str+3 SInv *Curse}
   (You found it in the Dungeon)

   It inflicts extra damage upon your enemies.
   It affects your strength (+3).
   It lets you see invisible.
   It lets you fly.
   It may re-curse itself when equipped.
   It has a curse placed upon it.
Missiles
 d - 3 throwing nets (quivered)
Armour
 c - a +0 helmet (worn)
 m - a +5 gold dragon armour (worn)
 N - the +15 Maxwell's patent armour {-Cast -Tele rElec MR+ rCorr}
   (You found it in the Dungeon)

   It insulates you from electricity.
   It affects your resistance to hostile enchantments.
   It prevents spellcasting.
   It prevents most forms of teleportation.
   It protects you from acid and corrosion.
 S - a +0 pair of gloves of strength (worn)
Jewellery
 H - a +6 ring of dexterity
 I - a +6 ring of dexterity
 J - a +6 ring of intelligence
 K - a +6 ring of intelligence
 L - a +6 ring of strength
 M - a +6 ring of strength
 P - the ring "Sijif" (left hand) {rPois rN+ SInv}
   (You found it in the Dungeon)

   [ring of poison resistance]

   It protects you from poison.
   It protects you from negative energy.
   It lets you see invisible.
 Q - a ring of protection from fire (right hand)
Wands
 e - a wand of heal wounds (4)
 y - a wand of disintegration (7)
 E - a wand of fire (5)
 F - a wand of cold (5)
 G - a wand of draining (5)
Scrolls
 l - 4 scrolls of blinking
 q - 4 scrolls of amnesia
 r - 3 scrolls of recharging
 s - 7 scrolls of fog
 t - a scroll of holy word
 u - 5 scrolls of identify
 v - 5 scrolls of remove curse
 w - 2 scrolls of fear
Potions
 g - 10 potions of curing
 h - 10 potions of heal wounds
 i - 6 potions of haste
 j - 7 potions of magic
 k - 2 potions of berserk rage {!q}
 x - 2 potions of brilliance
 z - 2 potions of invisibility
 A - 4 potions of resistance
 C - 5 potions of agility
 D - 5 potions of might
Miscellaneous
 R - a lamp of fire
Comestibles
 f - 5 bread rations
 o - 42 fruits
 p - 4 meat rations


   Skills:
 + Level 4.9 Fighting
 * Level 18.4 Axes
 - Level 1.7 Throwing
 + Level 5.3 Armour
 - Level 3.2 Dodging


You had 5 spell levels left.
You knew the following spells:

 Your Spells              Type           Power        Failure   Level  Hunger
i - Repel Missiles        Chrm/Air       #.....       100%        2    ###....


Dungeon Overview and Level Annotations

Branches:
Dungeon (1/1)

Altars:
Ashenzari
Cheibriados
Dithmenos
Elyvilon
Fedhas
Gozag
Kikubaaqudgha
Makhleb
Nemelex Xobeh
Okawaru
Qazlal
Ru
Sif Muna
Trog
Vehumet
Xom
Yredelemnul
Zin
The Shining One
Beogh
Jiyva
Lugonu


Innate Abilities, Weirdness & Mutations

You are resistant to damage.
You can recharge devices by infusing magical energy.
You passively map a small area around you.
You do not regenerate naturally.


Message History

Your soul eater drains the cyan ugly thing!
Unknown command.
You closely miss the purple ugly thing.
The purple ugly thing is severely wounded.
You completely miss the moth of wrath.
The moth of wrath is heavily wounded.
You slice the cyan ugly thing!!
The cyan ugly thing is severely wounded.
You slash the red ugly thing!
The red ugly thing is severely wounded.
You slash the raiju!
You kill the raiju!
Makhleb accepts your kill.
You feel better.
Your Armour skill increases to level 5!
Visions of slaying the purple ugly thing flood into your mind.
The cyan ugly thing kicks you!
* * * LOW HITPOINT WARNING * * *
The cyan ugly thing shocks you!
You die...

▓▓▓▓▓▓▓▓▓▓▓▓▓▓▓▓▓▓▓
,* ©8 ▓..8©85.▓ ,*
, , ▓..}}|..▓ *, ,
▓..:|:..▓ ,
▓.......▓ , *
▓..5....▓
,,,▓...3§..▓ , , ,
▓.5u.u..▓ ,,, *
▓..y@u3.▓ ,
▓.......▓ ▓▓▓▓▓▓▓▓▓
8 , , , © , * ,,,,
, , *, , , ,, , , *


You could see 3 ugly things, a moth of wrath, a neqoxec, an iron imp, a crimson
imp, a shadow imp and a friendly soul eater.

Vanquished Creatures
  A jumping spider (D)
  A raiju (shapeshifter) (D)
  2 air elementals (D)
  A raiju (D)
  3 insubstantial wisps (D)
  2 hell hounds (D)
  3 scorpions (D)
  3 ufetubi (D)
  A ball python skeleton (D)
  A giant cockroach zombie (D)
  A giant gecko skeleton (D)
19 creatures vanquished.

Notes
Turn   | Place    | Note
--------------------------------------------------------------
     0 | D        | mopl the Deep Dwarf Gladiator began the quest for the Orb.
     0 | D        | Reached XP level 1. HP: 19/19 MP: 1/1
    13 | D        | Found an iron altar of Okawaru.
    13 | D        | Found a radiant altar of Vehumet.
    13 | D        | Found a shimmering altar of Xom.
    13 | D        | Found a burning altar of Makhleb.
    25 | D        | Found a deep blue altar of Sif Muna.
    27 | D        | Found a corrupted altar of Lugonu.
    27 | D        | Found a white marble altar of Elyvilon.
    27 | D        | Found a roughly hewn altar of Beogh.
    27 | D        | Found a sparkling altar of Nemelex Xobeh.
    27 | D        | Found a viscous altar of Jiyva.
    27 | D        | Found a bloodstained altar of Trog.
    45 | D        | Became a worshipper of Makhleb the Destroyer
    54 | D        | Reached skill level 8 in Axes
    54 | D        | Reached XP level 2. HP: 26/26 MP: 2/2
    72 | D        | Entered arena 1.
    72 | D        | Noticed a raiju
    76 | D        | Killed a raiju
    76 | D        | Reached skill level 12 in Axes
    76 | D        | Reached XP level 3. HP: 16/32 MP: 3/3
    76 | D        | Reached XP level 4. HP: 19/39 MP: 4/4
    76 | D        | Reached XP level 5. HP: 21/45 MP: 5/5
    77 | D        | Reached * piety under Makhleb
    80 | D        | Got the ring "Sijif" {rPois rN+ SInv}
    90 | D        | Entered arena 2.
    90 | D        | Noticed a hell hound
    90 | D        | Noticed a hell hound
    93 | D        | Killed a hell hound
    93 | D        | Reached skill level 14 in Axes
    93 | D        | Reached XP level 6. HP: 40/52 MP: 6/6
    94 | D        | Killed a hell hound
    94 | D        | Reached skill level 15 in Axes
    95 | D        | Reached ** piety under Makhleb
   107 | D        | Entered arena 3.
   107 | D        | Noticed a scorpion
   107 | D        | Noticed a scorpion
   107 | D        | Noticed a scorpion
   107 | D        | Noticed a jumping spider
   110 | D        | Killed a scorpion
   111 | D        | Killed a scorpion
   112 | D        | Killed a scorpion
   112 | D        | Reached skill level 16 in Axes
   112 | D        | Reached XP level 7. HP: 51/58 MP: 7/7
   118 | D        | Killed a jumping spider
   118 | D        | Reached *** piety under Makhleb
   118 | D        | Reached skill level 17 in Axes
   130 | D        | Learned a level 2 spell: Repel Missiles
   130 | D        | Entered arena 4.
   133 | D        | Reached **** piety under Makhleb
   146 | D        | Entered arena 5.
   146 | D        | Noticed an air elemental
   146 | D        | Noticed an insubstantial wisp
   146 | D        | Noticed an air elemental
   146 | D        | Noticed an insubstantial wisp
   146 | D        | Noticed an insubstantial wisp
   148 | D        | Killed an air elemental
   148 | D        | Reached skill level 2 in Fighting
   148 | D        | Reached skill level 2 in Armour
   150 | D        | Killed an insubstantial wisp
   150 | D        | Reached skill level 3 in Fighting
   150 | D        | Reached XP level 8. HP: 67/69 MP: 8/8
   150 | D        | Killed an insubstantial wisp
   150 | D        | Reached skill level 3 in Armour
   151 | D        | Killed an air elemental
   151 | D        | Reached skill level 4 in Fighting
   151 | D        | Reached skill level 18 in Axes
   151 | D        | Reached skill level 4 in Armour
   152 | D        | Killed an insubstantial wisp
   160 | D        | Entered arena 6.
   160 | D        | Noticed a neqoxec
   160 | D        | Noticed a purple ugly thing
   160 | D        | Noticed a red ugly thing
   160 | D        | Noticed a spiny frog
   160 | D        | Noticed a moth of wrath
   160 | D        | Noticed a cyan ugly thing
   165 | D        | Noticed a raiju
   165 | D        | a spiny frog changed into a raiju
   168 | D        | HP: 4/109 [red ugly thing (4)]
   169 | D        | Killed a raiju
   169 | D        | Reached skill level 5 in Armour
   169 | D        | HP: 1/109 [cyan ugly thing (12)]
   169 | D        | Mangled by a cyan ugly thing

Action                   |  1- 3 |  4- 6 |  7- 9 || total
-------------------------+-------+-------+-------++-------
Melee: Broad axe         |     3 |     8 |    19 ||    30
Evoke: Wand              |       |     1 |       ||     1
  Use: Potion            |     1 |       |     1 ||     2
